TOP OF THE 1ST |
Toledo Titans batting - Pitching for Hartford Whalers : LHP Orlando Martínez
|
Pitching: LHP Orlando Martínez
|
|
Batting: RHB Brad Brown
|
0-0: Ground out U3 (Groundball, 3S)
|
Batting: RHB Sherman Davis
|
0-0: Fly out, F9 (Flyball, 9LS)
|
Batting: LHB Michael Neely
|
0-0: Called Strike 0-1: Ball 1-1: Ball 2-1: SINGLE (Flyball, 89S)
|
Batting: RHB Enrique Pérez
|
0-0: Ball 1-0: Ball 2-0: Ball 3-0: Called Strike 3-1: SINGLE (Line Drive, 6MD) Michael Neely to second Runner from 2nd tries for 3rd, SAFE, throw made to third
|
Batting: LHB Herman Hayes
|
0-0: 3-RUN HOME RUN (Line Drive, 89XD), Distance : 426 ft
|
Batting: RHB Harris Harden
|
0-0: Ball 1-0: Ball 2-0: Called Strike 2-1: Called Strike 2-2: Foul Ball, location: 2F 2-2: Foul Ball, location: 2F 2-2: Fly out, F9 (Flyball, 9LM)
|
Top of the 1st over - 3 run(s), 3 hit(s), 0 error(s), 0 left on base; Toledo 3 - Hartford 0 |
BOTTOM OF THE 1ST |
Hartford Whalers batting - Pitching for Toledo Titans : RHP Ryoichi Maruyama
|
Pitching: RHP Ryoichi Maruyama
|
|
Batting: RHB Tyrone Scott
|
0-0: Called Strike 0-1: Swinging Strike 0-2: Ball 1-2: Foul Ball, location: 2F 1-2: Ball 2-2: Foul Ball, location: 2F 2-2: Ground out 1-3 (Groundball, 23)
|
Batting: RHB Roberto Ramírez
|
0-0: Called Strike 0-1: Ground out 6-3 (Groundball, 6)
|
Batting: LHB César Durán
|
0-0: Called Strike 0-1: Ball 1-1: Foul Ball, location: 2F 1-2: Ball 2-2: Strikes out swinging
|
Bottom of the 1st over - 0 run(s), 0 hit(s), 0 error(s), 0 left on base; Toledo 3 - Hartford 0 |
TOP OF THE 2ND |
Toledo Titans batting - Pitching for Hartford Whalers : LHP Orlando Martínez
|
Batting: LHB Nathan Santos
|
0-0: Fly out, F8 (Flyball, 8LXD)
|
Batting: LHB Salvador Vidal
|
0-0: Ball 1-0: Called Strike 1-1: Foul Ball, location: 2F 1-2: Ball 2-2: Foul Ball, location: 2F 2-2: Ground out 5-3 (Groundball, 5L)
|
Batting: SHB Ryoichi Maruyama
|
0-0: Ball 1-0: Ground out 1-3 (Groundball, 13)
|
Top of the 2nd over - 0 run(s), 0 hit(s), 0 error(s), 0 left on base; Toledo 3 - Hartford 0 |
BOTTOM OF THE 2ND |
Hartford Whalers batting - Pitching for Toledo Titans : RHP Ryoichi Maruyama
|
Batting: RHB Félix Rodríguez
|
0-0: Ball 1-0: Ball 2-0: Foul Ball, location: 2F 2-1: Ground out 3-1 (Groundball, 34)
|
Batting: LHB Leonardo López
|
0-0: Reached on error, E4 (Groundball, 4)
|
Batting: RHB Akahele Kimokeo
|
0-0: Ball 1-0: Foul Ball, location: 2F 1-1: Foul Ball, location: 2F 1-2: Fielders Choice at 2nd, 4-6 (Groundball, 4)
|
Batting: SHB Robert Shelby
|
0-0: Ball 1-0: Ball 2-0: Ball 3-0: Called Strike 3-1: Foul Ball, location: 2F 3-2: Strikes out looking
|
Bottom of the 2nd over - 0 run(s), 0 hit(s), 1 error(s), 1 left on base; Toledo 3 - Hartford 0 |
TOP OF THE 3RD |
Toledo Titans batting - Pitching for Hartford Whalers : LHP Orlando Martínez
|
Batting: RHB Brad Brown
|
0-0: Called Strike 0-1: Foul Ball, location: 2F 0-2: Ground out U3 (Groundball, 3)
|
Batting: RHB Sherman Davis
|
0-0: Ball 1-0: Ground out 1-3 (Groundball, 13)
|
Batting: LHB Michael Neely
|
0-0: Called Strike 0-1: Ball 1-1: Ball 2-1: Ground out 4-3 (Groundball, 4)
|
Top of the 3rd over - 0 run(s), 0 hit(s), 0 error(s), 0 left on base; Toledo 3 - Hartford 0 |
BOTTOM OF THE 3RD |
Hartford Whalers batting - Pitching for Toledo Titans : RHP Ryoichi Maruyama
|
Batting: LHB Bill Burgess
|
0-0: Called Strike 0-1: Ball 1-1: Called Strike 1-2: SINGLE (Groundball, 34D) (infield hit)
|
Batting: LHB Orlando Martínez
|
0-0: Foul Ball, location: 2F 0-1: Foul Ball, location: 2F 0-2: Bunt missed, Strikeout!
|
Batting: RHB Tyrone Scott
|
0-0: Called Strike 0-1: Ball 1-1: SINGLE (Groundball, 56D) Bill Burgess to second
|
Batting: RHB Roberto Ramírez
|
0-0: Ball 1-0: Ground out 4-3 (Groundball, 4M) Bill Burgess to third Tyrone Scott to second
|
Batting: LHB César Durán
|
0-0: Fly out, F9 (Flyball, 9M)
|
Bottom of the 3rd over - 0 run(s), 2 hit(s), 0 error(s), 2 left on base; Toledo 3 - Hartford 0 |
TOP OF THE 4TH |
Toledo Titans batting - Pitching for Hartford Whalers : LHP Orlando Martínez
|
Batting: RHB Enrique Pérez
|
0-0: SOLO HOME RUN (Line Drive, 7D), Distance : 398 ft
|
Batting: LHB Herman Hayes
|
0-0: Ball 1-0: Called Strike 1-1: Swinging Strike 1-2: Fly out, F8 (Popup, 8LS)
|
Batting: RHB Harris Harden
|
0-0: Called Strike 0-1: Ball 1-1: Ground out 6-3 (Groundball, 6)
|
Batting: LHB Nathan Santos
|
0-0: Called Strike 0-1: SINGLE (Line Drive, 89M)
|
Batting: LHB Salvador Vidal
|
0-0: Called Strike 0-1: Ball 1-1: Swinging Strike 1-2: Ball 2-2: Ball 3-2: DOUBLE (Flyball, 89M) Nathan Santos to third Nathan Santos scores
|
Pitching: RHP Kelly Hampton
|
|
Batting: SHB Ryoichi Maruyama
|
0-0: Called Strike 0-1: Swinging Strike 0-2: Strikes out looking
|
Top of the 4th over - 2 run(s), 3 hit(s), 0 error(s), 1 left on base; Toledo 5 - Hartford 0 |
BOTTOM OF THE 4TH |
Hartford Whalers batting - Pitching for Toledo Titans : RHP Ryoichi Maruyama
|
Batting: RHB Félix Rodríguez
|
0-0: Called Strike 0-1: Ball 1-1: Foul Ball, location: 2F 1-2: Ball 2-2: Foul Ball, location: 2F 2-2: Ground out 3-1 (Groundball, 34)
|
Batting: LHB Leonardo López
|
0-0: Called Strike 0-1: Ground out 1-3 (Groundball, 15S)
|
Batting: RHB Akahele Kimokeo
|
0-0: Called Strike 0-1: Ball 1-1: Swinging Strike 1-2: Ball 2-2: Ball 3-2: Ground out 6-3 (Groundball, 6M)
|
Bottom of the 4th over - 0 run(s), 0 hit(s), 0 error(s), 0 left on base; Toledo 5 - Hartford 0 |
TOP OF THE 5TH |
Toledo Titans batting - Pitching for Hartford Whalers : RHP Kelly Hampton
|
Batting: RHB Brad Brown
|
0-0: Ground out 5-3 (Groundball, 56)
|
Batting: RHB Sherman Davis
|
0-0: Ball 1-0: Ball 2-0: Called Strike 2-1: SINGLE (Popup, 34D)
|
Batting: LHB Michael Neely
|
0-0: Ball 1-0: Called Strike 1-1: Swinging Strike 1-2: Strikes out swinging
|
Batting: RHB Enrique Pérez
|
0-0: Ball Sherman Davis steals 2nd base 1-0: Called Strike 1-1: Ground out 6-3 (Groundball, 6M)
|
Top of the 5th over - 0 run(s), 1 hit(s), 0 error(s), 1 left on base; Toledo 5 - Hartford 0 |
BOTTOM OF THE 5TH |
Hartford Whalers batting - Pitching for Toledo Titans : RHP Ryoichi Maruyama
|
Batting: SHB Robert Shelby
|
0-0: Ground out 4-3 (Groundball, 34)
|
Batting: LHB Bill Burgess
|
0-0: Foul Ball, location: 2F 0-1: Swinging Strike 0-2: Hit by Pitch
|
Batting: RHB Kelly Hampton
|
0-0: Sac Bunt - play at first, batter OUT! 5-4 Bill Burgess to second
|
Batting: RHB Tyrone Scott
|
0-0: Ball 1-0: Foul Ball, location: 2F 1-1: Ball 2-1: DOUBLE (Line Drive, 7LD) Bill Burgess scores
|
Batting: RHB Roberto Ramírez
|
0-0: Swinging Strike 0-1: Ball 1-1: Ball 2-1: Foul Ball, location: 2F 2-2: Strikes out swinging
|
Bottom of the 5th over - 1 run(s), 1 hit(s), 0 error(s), 1 left on base; Toledo 5 - Hartford 1 |
TOP OF THE 6TH |
Toledo Titans batting - Pitching for Hartford Whalers : RHP Kelly Hampton
|
Batting: LHB Herman Hayes
|
0-0: Ball 1-0: Called Strike 1-1: Called Strike 1-2: Ground out 6-3 (Groundball, 6M)
|
Batting: RHB Harris Harden
|
0-0: Called Strike 0-1: Ball 1-1: Ball 2-1: Ball 3-1: Ground out 6-3 (Groundball, 56)
|
Batting: LHB Nathan Santos
|
0-0: Ball 1-0: Ball 2-0: Ball 3-0: Base on Balls
|
Batting: LHB Salvador Vidal
|
0-0: TRIPLE (Line Drive, 5L) Nathan Santos scores
|
Batting: SHB Ryoichi Maruyama
|
0-0: Called Strike 0-1: Ball 1-1: Swinging Strike 1-2: Ball 2-2: Strikes out swinging
|
Top of the 6th over - 1 run(s), 1 hit(s), 0 error(s), 1 left on base; Toledo 6 - Hartford 1 |
BOTTOM OF THE 6TH |
Hartford Whalers batting - Pitching for Toledo Titans : RHP Ryoichi Maruyama
|
Batting: LHB César Durán
|
0-0: Ball 1-0: Called Strike 1-1: Called Strike 1-2: Foul Ball, location: 2F 1-2: Foul Ball, location: 2F 1-2: Ground out 4-3 (Groundball, 4)
|
Batting: RHB Félix Rodríguez
|
0-0: Ground out 5-3 (Groundball, 5L)
|
Batting: LHB Leonardo López
|
0-0: Ball 1-0: Ground out 3-1 (Groundball, 34S)
|
Bottom of the 6th over - 0 run(s), 0 hit(s), 0 error(s), 0 left on base; Toledo 6 - Hartford 1 |
TOP OF THE 7TH |
Toledo Titans batting - Pitching for Hartford Whalers : RHP Kelly Hampton
|
Pitching: RHP Iván Cordero
|
|
Batting: RHB Brad Brown
|
0-0: Called Strike 0-1: Ball 1-1: DOUBLE (Groundball, 5L)
|
Batting: RHB Sherman Davis
|
0-0: Ball 1-0: Called Strike 1-1: Foul Ball, location: 2F 1-2: Ball 2-2: Ground out 6-3 (Groundball, 6M) Brad Brown to third
|
Batting: LHB Michael Neely
|
0-0: Foul Ball, location: 2F 0-1: Ball 1-1: Called Strike 1-2: Strikes out swinging
|
Batting: RHB Enrique Pérez
|
0-0: Ball 1-0: Foul Ball, location: 2F 1-1: Ball 2-1: Foul Ball, location: 2F 2-2: Ground out 4-3 (Groundball, 4M)
|
Top of the 7th over - 0 run(s), 1 hit(s), 0 error(s), 1 left on base; Toledo 6 - Hartford 1 |
BOTTOM OF THE 7TH |
Hartford Whalers batting - Pitching for Toledo Titans : RHP Ryoichi Maruyama
|
Batting: RHB Akahele Kimokeo
|
0-0: Called Strike 0-1: Foul Ball, location: 2F 0-2: Ground out 1-3 (Groundball, 13S)
|
Batting: SHB Robert Shelby
|
0-0: Called Strike 0-1: Foul Ball, location: 2F 0-2: Ball 1-2: Fly out, F8 (Flyball, 78D)
|
Batting: LHB Bill Burgess
|
0-0: Ball 1-0: Ball 2-0: SINGLE (Line Drive, 4M)
|
Pinch Hitting: RHB Dave O'Day
|
0-0: Ball 1-0: Ball 2-0: Called Strike 2-1: Called Strike 2-2: Strikes out swinging
|
Bottom of the 7th over - 0 run(s), 1 hit(s), 0 error(s), 1 left on base; Toledo 6 - Hartford 1 |
TOP OF THE 8TH |
Toledo Titans batting - Pitching for Hartford Whalers : RHP Iván Cordero
|
Pitching: RHP Jeff Macías
|
|
Batting: LHB Herman Hayes
|
0-0: Ball 1-0: Fly out, F7 (Flyball, 7LS)
|
Batting: RHB Harris Harden
|
0-0: Fly out, F7 (Flyball, 78D)
|
Batting: LHB Nathan Santos
|
0-0: Called Strike 0-1: Ground out 6-3 (Groundball, 6M)
|
Top of the 8th over - 0 run(s), 0 hit(s), 0 error(s), 0 left on base; Toledo 6 - Hartford 1 |
BOTTOM OF THE 8TH |
Hartford Whalers batting - Pitching for Toledo Titans : RHP Ryoichi Maruyama
|
Batting: RHB Tyrone Scott
|
0-0: Called Strike 0-1: Foul Ball, location: 2F 0-2: Foul Ball, location: 2F 0-2: Foul Ball, location: 2F 0-2: DOUBLE (Line Drive, 9LS)
|
Batting: RHB Roberto Ramírez
|
0-0: Foul Ball, location: 2F 0-1: Ball 1-1: Ball 2-1: Called Strike 2-2: Ground out 4-3 (Groundball, 4M) Tyrone Scott to third
|
Batting: LHB César Durán
|
0-0: Ball 1-0: Called Strike 1-1: Ball 2-1: Ground out 4-3 (Groundball, 4) Tyrone Scott scores
|
Batting: RHB Félix Rodríguez
|
0-0: Called Strike 0-1: Ball 1-1: Ball 2-1: DOUBLE (Flyball, 78D)
|
Pitching: RHP Adrián Ramos
|
|
Batting: LHB Leonardo López
|
0-0: Ball 1-0: Swinging Strike 1-1: Ball 2-1: Ball 3-1: Foul Ball, location: 2F 3-2: 2-RUN HOME RUN (Flyball, 9D), Distance : 389 ft
|
Batting: RHB Akahele Kimokeo
|
0-0: Ground out 6-3 (Groundball, 6M)
|
Bottom of the 8th over - 3 run(s), 3 hit(s), 0 error(s), 0 left on base; Toledo 6 - Hartford 4 |
TOP OF THE 9TH |
Toledo Titans batting - Pitching for Hartford Whalers : RHP Jeff Macías
|
Batting: LHB Salvador Vidal
|
Single, Error in OF, E8, batter to second base
|
Pinch Hitting: LHB David Martínez
|
0-0: Ball 1-0: Foul Ball, location: 2F 1-1: TRIPLE (Line Drive, 9LD) Salvador Vidal scores
|
Batting: RHB Brad Brown
|
0-0: Foul Ball, location: 2F 0-1: Ball 1-1: Ball 2-1: Called Strike 2-2: Strikes out swinging
|
Batting: RHB Sherman Davis
|
0-0: Ground out 5-3 (Groundball, 5)
|
Batting: LHB Michael Neely
|
0-0: Ball 1-0: 2-RUN HOME RUN (Flyball, 89XD), Distance : 409 ft
|
Pitching: RHP Esteban Arroyo
|
|
Batting: RHB Enrique Pérez
|
0-0: Ball 1-0: Swinging Strike 1-1: Ball 2-1: Foul Ball, location: 2F 2-2: SINGLE (Flyball, 6MD)
|
Batting: LHB Herman Hayes
|
0-0: Called Strike 0-1: SINGLE (Line Drive, 9LS) Enrique Pérez to second
|
Batting: RHB Harris Harden
|
0-0: Ball 1-0: Ground out 2-3 (Groundball, 2L)
|
Top of the 9th over - 3 run(s), 5 hit(s), 1 error(s), 2 left on base; Toledo 9 - Hartford 4 |
BOTTOM OF THE 9TH |
Hartford Whalers batting - Pitching for Toledo Titans : RHP Adrián Ramos
|
Pitching: RHP Cisco Cruz
|
|
Batting: SHB Robert Shelby
|
0-0: Ground out 4-3 (Groundball, 4)
|
Batting: LHB Bill Burgess
|
0-0: Ball 1-0: Ball 2-0: SINGLE (Popup, 56D)
|
Pinch Hitting: RHB Mike McDonald
|
0-0: Fly out, F8 (Line Drive, 8RM)
|
Batting: RHB Tyrone Scott
|
0-0: Called Strike 0-1: Swinging Strike 0-2: Ball 1-2: Foul Ball, location: 2F 1-2: Strikes out swinging
|
Bottom of the 9th over - 0 run(s), 1 hit(s), 0 error(s), 1 left on base; Toledo 9 - Hartford 4 |
|